 Dungeon Crawl Stone Soup version 0.21-a0-417-g0adc95b (webtiles) character file.

9 Slyspawn the Sneak (level 2, -1/22 HPs)
             Began as a Vampire Assassin on Nov 3, 2017.
             Slain by Natasha (7 damage)
             ... on level 2 of the Dungeon.
             The game lasted 00:01:14 (252 turns).

Slyspawn the Sneak (Vampire Assassin)                Turns: 252, Time: 00:01:14

Health: -1/22      AC:  3    Str: 10    XL:     2   Next: 6%
Magic:  2/2        EV: 12    Int: 13    God:
Gold:   25         SH:  0    Dex: 15    Spells: 1/1 levels left

rFire    . . .     SeeInvis +   a - +2 dagger
rCold    . . .     Gourm    .   (no shield)
rNeg     + . .     Faith    .   c - +0 robe
rPois    .         Spirit   .   (no helmet)
rElec    .         Reflect  .   d - +0 cloak
rCorr    .         Harm     .   (no gloves)
MR       .....                  (no boots)
Stlth    +++.......             (no amulet)
HPRegen  0.07/turn              (no ring)
MPRegen  0.08/turn              (no ring)

@: slowed, very slow
A: fangs 3, see invisible, unbreathing
a: no special abilities


You were on level 2 of the Dungeon.
You were not thirsty.

You visited 1 branch of the dungeon, and saw 2 of its levels.

You collected 25 gold pieces.

Inventory:

Hand Weapons
 a - a +2 dagger (weapon)
 b - a +0 blowgun
Missiles
 e - 8 poisoned needles
 f - 2 curare-tipped needles
Armour
 c - a +0 robe (worn)
 d - a +0 cloak (worn)
Scrolls
 h - a scroll of enchant weapon {unknown}
 i - a scroll of amnesia {unknown}
 j - a scroll of magic mapping {unknown}
 k - 2 scrolls of remove curse {unknown}
Potions
 g - 3 potions of blood


   Skills:
 + Level 1.8 Fighting
 + Level 2.3 Short Blades
 - Level 1.5 Throwing
 - Level 1.1 Dodging
 + Level 6.5 Stealth


You had one spell level left.
You didn't know any spells.

Dungeon Overview and Level Annotations

Branches:
Dungeon (1/15)

Altars:

Annotations:
D:2 Natasha


Innate Abilities, Weirdness & Mutations

You have razor-sharp teeth.
You have supernaturally acute eyesight. (SInv)
You can survive without breathing.


Message History

Found a ring mail.
Found a stone staircase leading down.
Natasha casts a spell at you.
You feel yourself slow down.
You hit Natasha but do no damage. You bite Natasha, but do no damage.
Natasha barely misses you.
You hit Natasha but do no damage. Natasha barely misses you. Natasha claws you.
You hit Natasha. Your bite misses Natasha.
Natasha is moderately wounded.
Natasha claws you!
You are too injured to fight recklessly!
You are too injured to fight recklessly!
You are too injured to fight recklessly!
You hit Natasha but do no damage.
Natasha is moderately wounded.
Natasha claws you.
* * * LOW HITPOINT WARNING * * *
You barely miss Natasha.
Natasha is moderately wounded.
Natasha claws you!
You die...

##### ############ #..[.
#..........### ## #....
#............# #.
###....######......).....###.
>..........................+.
........#####h...........###.
........#...@............###.
......?.#.......#####........
........#######.# #........
......... #.#####........
..h....## #....##........
.(..... #####.##........
....... #............###
#............##.
#...............


You could see Natasha.

Vanquished Creatures
  An ooze (D:1)
  A goblin (D:2)
  A hobgoblin (D:2)
  2 bats (D:2)
  A kobold (D:2)
6 creatures vanquished.

Notes
Turn   | Place    | Note
-------+----------+-------------------------------------------
     0 | D:1      | Slyspawn the Vampire Assassin began the quest for the Orb.
     0 | D:1      | Reached XP level 1. HP: 16/16 MP: 1/1
    74 | D:1      | Reached skill level 6 in Stealth
   159 | D:1      | You fall through a shaft!
   215 | D:2      | Reached XP level 2. HP: 21/22 MP: 2/2
   235 | D:2      | Noticed Natasha
   252 | D:2      | Slain by Natasha

Vault maps used:
D:1:      wheals_arrival_shading
D:2:      chequers_ecumenical_altar_simple, uniq_natasha

Skill      XL: |  1 |
---------------+----+-----
Stealth        | 6 |  6.5
Fighting       | |  1.8
Short Blades   | |  2.3
Throwing       | |  1.5
Dodging        | |  1.1

Action                   || total
-------------------------++-------
Melee: Dagger            ||    17
       Bite              ||     1
 Stab: Sleeping          ||     4
Armor: Robe              ||     2
Dodge: Dodged            ||     8

Table legend:
 A = Spawn XP
 B = Non-spawn XP
 C = Spawn XP percentage of total XP
 D = Spawn monster count
 E = Non-spawn monster count
 F = Spawn count percentage of total count
 G = Total turns spent on level
                    A         B        C        D         E        F      G
               +---------+---------+-------+---------+---------+-------+---------
         Total |       0 |      14 |   0.0 |       0 |       6 |   0.0 |   252
               +---------+---------+-------+---------+---------+-------+---------
           D:1 |       0 |       7 |   0.0 |       0 |       1 |   0.0 |   159
           D:2 |       0 |       7 |   0.0 |       0 |       5 |   0.0 |    93
               +---------+---------+-------+---------+---------+-------+---------
